 Dungeon Crawl Stone Soup version 0.31.0-11-ge490571c62 (webtiles) character file.

Game seed: 3754566357627804379

322 qw the Skirmisher (level 6, -1/35 HPs)
             Began as a Deep Elf Hunter on Feb 4, 2024.
             Succumbed to an orc's poison
             ... on level 4 of the Dungeon.
             The game lasted 00:01:50 (3488 turns).

qw the Skirmisher (Deep Elf Hunter)                 Turns: 3488, Time: 00:01:51

Health: -1/35      AC:  7    Str: 10    XL:     6   Next: 22%
Magic:  8/8        EV: 16    Int: 14    God:
Gold:   200        SH:  0    Dex: 18    Spells: 5/5 levels left

rFire   . . .        a - +0 shortbow
rCold   . . .        (shield currently unavailable)
rNeg    . . .        e - +2 ring mail
rPois   .            (no helmet)
rElec   .            d - scarf of Past Mistakes {+Inv, Will+}
rCorr   .            (no gloves)
SInv    +            (no boots)
Will    +....        (no amulet)
Stlth   +            f - +5 ring of evasion
HPRegen 0.25/turn    g - ring of see invisible
MPRegen 0.11/turn

%: no passive effects
@: lethally poisoned (-1 -> -12), about to teleport
A: no striking features
a: Evoke Invisibility


You were on level 4 of the Dungeon.
You visited 1 branch of the dungeon, and saw 5 of its levels.

You collected 200 gold pieces.


   Skills:
 - Level 2.1 Fighting
 + Level 9.6 Ranged Weapons
 - Level 2.4 Dodging
 - Level 1.2 Stealth


You had 5 spell levels left.
You didn't know any spells.
Your spell library was empty.

Inventory:

Hand Weapons
 a - a +0 shortbow (weapon)
Armour
 d - the scarf of Past Mistakes (worn) {+Inv, Will+}
   (You acquired it on level 2 of the Dungeon)

   Will+:     It increases your willpower.
 e - a +2 ring mail (worn)
Jewellery
 f - a +5 ring of evasion (left hand)
 g - a ring of see invisible (right hand)
 h - a ring of willpower
Scrolls
 b - 5 scrolls of teleportation
Potions
 i - 4 potions of curing
 j - a potion of haste {unknown}
 k - a potion of heal wounds {unknown}
 l - a potion of lignification {unknown}
 m - a potion of degeneration {unknown}
 n - a potion of ambrosia {unknown}
 o - a potion of cancellation {unknown}
 q - a potion of mutation {unknown}
 s - a potion of enlightenment {unknown}

Dungeon Overview and Level Annotations

Branches:
Dungeon (5/15)
 Temple: D:4-7

Altars:
Nemelex Xobeh


Message History

You climb downwards.
Found a sling.
There is a stone staircase leading up here.
You shoot an arrow.
The arrow closely misses the orc priest.
The orc hits you but does no damage.
You are poisoned.
The orc priest completely misses you.
You shoot an arrow. The arrow hits the orc priest!
The orc priest is severely wounded.
You feel sick.
The orc priest mumbles some strange prayers to Beogh against you.
Beogh smites you! The orc misses you.
You shoot an arrow.
The arrow closely misses the orc priest.
You feel sick.
The orc priest hits you but does no damage.
The orc barely misses you.
You shoot an arrow.
The arrow closely misses the orc priest.
You feel sick. The orc hits you but does no damage.
You are more poisoned.
The orc priest hits you but does no damage.
3485 ||| STAIRDANCE You feel very sick.
The orc priest hits you but does no damage.
The orc hits you but does no damage.
You are lethally poisoned!
You climb upwards.
You feel extremely sick.
There is a stone staircase leading down here.
3487 ||| READING 6 scrolls of teleportation.
As you read the scroll of teleportation, it crumbles to dust.
You feel strangely unstable.
You feel very sick.
The orc priest hits you with a +0 falchion.
The orc completely misses you.
You shoot an arrow. The arrow hits the orc priest!
You kill the orc priest!
You die...

# #...# #..#....# ##.#
#...# ##.#....# #..# #####
#...# #.#....# #.## ....#
#...# #.#....#########.##
....#
#...#####.#........<.......
....#
#...#...#.##.....########.#
....# #.<.'............#
#.#
....###...#...#.#).....#
#.#
....'...........@o.....#
#.#
....##############.....#
#.# ....# #.....#### #..
##### #........#######
########.##...## #.##.8.'#
#.##...#. #..#...#.
##.'.8.)#


You could see an orc.

Vanquished Creatures
  A phantom (D:4)
  2 hounds (D:4)
  An orc priest (D:4)
  2 orc wizards
  5 adders
  4 dart slugs
  12 orcs
  7 bats
  6 endoplasms
  3 giant cockroaches (D:4)
  2 goblins (D:2)
  4 hobgoblins
  5 quokkas
  9 ball pythons
  A frilled lizard (D:3)
  7 kobolds
  5 rats
76 creatures vanquished.

Notes
Turn   | Place    | Note
-------+----------+-------------------------------------------
     0 | D:1      | qw the Deep Elf Hunter began the quest for the Orb.
     0 | D:1      | Reached XP level 1. HP: 12/12 MP: 3/3
     0 | D:1      | 0 ||| qw: Version: 0.3-a-160-g6735b56
     0 | D:1      | 0 ||| qw: Game counter: 5993
     0 | D:1      | 0 ||| qw: Melee chars always use a shield: true
     0 | D:1      | 0 ||| qw: God list: Okawaru
     0 | D:1      | 0 ||| qw: Allow faded altars: false
     0 | D:1      | 0 ||| qw: Do Orc after clearing Dungeon:15 true
     0 | D:1      | 0 ||| qw: Do second Lair branch before Depths: true
     0 | D:1      | 0 ||| qw: Lair rune preference: random
     0 | D:1      | 0 ||| qw: Goals: Normal
     0 | D:1      | 0 ||| PLANNING D:1-11
   130 | D:1      | You fall into a shaft and drop 1 floor!
   144 | D:2      | Reached skill level 6 in Ranged Weapons
   144 | D:2      | Reached XP level 2. HP: 16/16 MP: 4/4
   206 | D:2      | Found a sparkling altar of Nemelex Xobeh.
   231 | D:2      | 231 ||| READING scroll labelled KINAGG YQICVAPP.
   332 | D:2      | 332 ||| READING scroll labelled TIYFOT SURPHI.
   333 | D:2      | 333 ||| READING scroll labelled SODAMA KUTWORU.
   333 | D:2      | Identified a scroll of acquirement
   333 | D:2      | 333 ||| ACQUIRING scarf of Past Mistakes {+Inv, Will+}
   333 | D:2      | Acquired the scarf of Past Mistakes {+Inv, Will+}
   335 | D:2      | 335 ||| UPGRADING to scarf of Past Mistakes {+Inv, Will+}.
   340 | D:2      | 340 ||| READING 3 scrolls labelled NIQOUP JIATIWA.
   340 | D:2      | 340 ||| IDENTIFYING clear potion
   341 | D:2      | 341 ||| DROPPING scroll of butterflies.
   342 | D:2      | 342 ||| DROPPING potion of brilliance.
   861 | D:1      | 861 ||| UPGRADING to +5 ring of evasion.
   862 | D:1      | 862 ||| READING 2 scrolls of identify.
   862 | D:1      | 862 ||| IDENTIFYING 2 golden potions
   863 | D:1      | 863 ||| READING scroll of identify.
   863 | D:1      | 863 ||| IDENTIFYING scroll labelled HASAOF MEM MYHA
   864 | D:1      | 864 ||| READING scroll labelled EMPUOT ENOT.
   865 | D:1      | 865 ||| READING scroll labelled PEGEOQO INIUM.
   867 | D:1      | 867 ||| Stepping ~*~*~tactically~*~*~ (cloud).
   868 | D:1      | 868 ||| DRINKING 2 potions of curing.
   868 | D:1      | 868 ||| (to cure poison)
  1087 | D:2      | Reached XP level 3. HP: 10/20 MP: 5/5
  1259 | D:2      | Reached skill level 7 in Ranged Weapons
  1668 | D:2      | 1668 ||| UPGRADING to +0 ring mail.
  1678 | D:2      | 1678 ||| DROPPING +0 leather armour.
  1679 | D:2      | 1679 ||| UPGRADING to ring of see invisible.
  1680 | D:2      | 1680 ||| READING scroll of identify.
  1680 | D:2      | 1680 ||| IDENTIFYING scroll labelled HAIRCH CAINKABREBE
  1681 | D:2      | 1681 ||| READING scroll of enchant armour.
  1681 | D:2      | 1681 ||| ENCHANTING +0 ring mail.
  1745 | D:3      | 1745 ||| FLEEEEING.
  1755 | D:3      | Reached XP level 4. HP: 13/25 MP: 6/6
  1897 | D:3      | Reached skill level 8 in Ranged Weapons
  2585 | D:3      | 2585 ||| READING scroll labelled KIOSHI TEIZA.
  2586 | D:3      | 2586 ||| READING scroll labelled QAFAOF UN SEGG.
  2799 | D:4      | 2799 ||| READING scroll of enchant armour.
  2799 | D:4      | 2799 ||| ENCHANTING +1 ring mail.
  2811 | D:4      | Noticed a phantom
  2814 | D:4      | Reached XP level 5. HP: 29/29 MP: 7/7
  2825 | D:4      | Killed a phantom
  2826 | D:4      | Reached skill level 9 in Ranged Weapons
  2976 | D:4      | Reached XP level 6. HP: 35/35 MP: 8/8
  3377 | D:4      | 3377 ||| READING scroll of identify.
  3377 | D:4      | 3377 ||| IDENTIFYING bubbling black potion
  3378 | D:4      | 3378 ||| READING scroll labelled HELOSE HUAZXE.
  3379 | D:4      | 3379 ||| DROPPING potion of berserk rage.
  3409 | D:5      | Entered Level 5 of the Dungeon
  3410 | D:5      | 3410 ||| STAIRDANCE
  3485 | D:5      | 3485 ||| STAIRDANCE
  3486 | D:4      | HP: 8/35 [poisoned by an orc]
  3487 | D:4      | 3487 ||| READING 6 scrolls of teleportation.
  3487 | D:4      | HP: 2/35 [orc priest/+0 falchion (3)]
  3488 | D:4      | Succumbed to an orc's poison

Levels and vault maps discovered:
D:1:      shiori_shiawase, layout_basic
D:2:      layout_loops_corners, basic_altar, nrook_mini_backslash
D:3:      layout_basic
D:4:      minmay_chambers_of_threes, layout_basic
D:5:      minmay_inner_zag, layout_layer_cave, nicolae_overflow_squiral,
          serial_shops, shop

Skill      XL: |  1  2  3  4  5 |
---------------+----------------+-----
Ranged Weapons | 6 7 8 9 |  9.6
Fighting       | 2 |  2.1
Dodging        | |  2.4
Stealth        | |  1.2

Action                     |  1- 3 |  4- 6 || total
---------------------------+-------+-------++-------
   Fire: Shortbow          |    96 |   142 ||   238
    Use: Scroll            |    10 |     6 ||    16
         Potion            |     1 |       ||     1
 Armour: Leather armour    |     9 |       ||     9
         Ring mail         |     4 |    40 ||    44
  Dodge: Dodged            |    15 |    64 ||    79

Table legend:
 A = Non-vault XP
 B = Vault XP
 C = Vault XP percentage of total XP
 D = Non-vault monster count
 E = Vault monster count
 F = Vault count percentage of total count
                 A         B        C        D         E       F
            +---------+---------+-------+---------+---------+-------
      Total |     336 |     165 |  32.9 |      64 |      12 |  15.8
            +---------+---------+-------+---------+---------+-------
        D:1 |      24 |       0 |   0.0 |      13 |       0 |   0.0
        D:2 |      59 |       0 |   0.0 |      19 |       0 |   0.0
        D:3 |     100 |       0 |   0.0 |      21 |       0 |   0.0
        D:4 |     153 |     165 |  51.9 |      11 |      12 |  52.2
            +---------+---------+-------+---------+---------+-------
